 Dungeon Crawl Stone Soup version 0.18.1-48-g4cf74bf (webtiles) character file.

58 MistressOfTheDunes the Insei (level 3, -4/29 HPs)
             Began as a Mummy Monk on June 26, 2016.
             Slain by a hobgoblin (6 damage)
             ... led by Robin
             ... on level 2 of the Dungeon.
             The game lasted 00:02:31 (2426 turns).

MistressOfTheDunes the Insei (Mummy Monk)           Turns: 2426, Time: 00:02:31

Health: -4/29      AC:  1    Str: 14    XL:     3   Next: 75%
Magic:  3/3        EV: 13    Int:  9    God:
Gold:   61         SH:  0    Dex: 15    Spells: 0 memorised, 2 levels left

rFire  . . .     SeeInvis .       - Unarmed
rCold  + + .     Gourm    .     (no armour)
rNeg   + + +     Faith    .     (no shield)
rPois  ∞         Spirit   .     (no helmet)
rElec  .         Dismiss  .     e - +0 cloak
rCorr  .         Reflect  .     (no gloves)
SustAt .         Harm     .     (no boots)
MR     .....                    (no amulet)
Stlth  ++........               c - ring of protection from fire
                                a - ring of protection from cold

@: not resistant to hostile enchantments, unstealthy
A: no food or potions, fire vulnerability, cold resistance 1, negative energy
resistance 3, torment resistance, unbreathing
a: no special abilities


You were on level 2 of the Dungeon.
You were not hungry.

You visited 1 branch of the dungeon, and saw 2 of its levels.

You collected 61 gold pieces.


Innate Abilities, Weirdness & Mutations

You do not eat or drink.
Your flesh is vulnerable to fire.
You are immune to poison.
Your flesh is cold resistant.
You are immune to negative energy.
You are immune to unholy pain and torment.
You can survive without breathing.


   Skills:
 - Level 3.0 Fighting
 - Level 2.4 Dodging
 - Level 1.5 Stealth
 + Level 4.5 Unarmed Combat


You had 2 spell levels left.
You didn't know any spells.

Inventory:

Armour
 e - a +0 cloak (worn)
Jewellery
 a - a ring of protection from cold (left hand)
 c - a ring of protection from fire (right hand)
 g - a +5 amulet of reflection {unknown}
Scrolls
 b - a scroll of teleportation {unknown}
 d - 2 scrolls of magic mapping {unknown}
 f - a scroll of immolation {unknown}

Dungeon Overview and Level Annotations

Branches:
Dungeon (2/15)

Altars:

Annotations:
D:1 Ijyb
D:2 Robin .......... ............ .... .....P..... .... ...P≈≈P... ..... ▒▒▒▒......▒ ..... ▒........+ gg....

▒....⌠..▒▒
▒gg..
▒<.....▒▒▒gg▒
▒▒▒.....▒Mg▒
▒.▒...gg▒▒
...▒.▒.▒▒▒
▒▒▒▒▒.▒.▒
▒.▒.▒ ▒.▒..
▒.▒▒▒ ▒.. ▒▒▒


You could see Robin, 4 hobgoblins and 4 goblins.


Message History

The goblin hits you!
Robin roars a battlecry!!!
The goblins go into a battle-frenzy!!!
The hobgoblin hits you with a club! The hobgoblin closely misses you!
The goblin barely misses you!
You are too injured to fight recklessly!!!
You are too injured to fight recklessly!!!
You are too injured to fight recklessly!!!
You are too injured to fight recklessly!!!
You are too injured to fight recklessly!!!
There are monsters nearby!!!
There are monsters nearby!!!
Unknown command!
You pulverise the goblin!!!
You annihilate the goblin!!!
Robin throws the goblin at you!!! * * * don't die
* * * The goblin hits you with a club!!! * * * don't die
* * * The goblin barely misses you!
You pummel the goblin like a punching bag!
The goblin is heavily wounded!
The hobgoblin hits you! * * * don't die
* * * The hobgoblin hits you but does no damage!
You barely miss the goblin!
The goblin is heavily wounded!
The goblin barely misses you! The goblin hits you but does no damage!
The hobgoblin hits you! rip

Action                   || total
-------------------------++-------
Melee: Unarmed           ||   150
       Punch             ||     3
 Stab: Sleeping          ||     3
Armor: Skin              ||     8
Dodge: Dodged            ||    84

Vault maps used:
D:1:      dpeg_arrival_tiny_i
D:2:      tso_oasis_becter, first_bread, uniq_iyjb, uniq_jessica, uniq_robin

Notes
Turn   | Place    | Note
--------------------------------------------------------------
     0 | D:1      | MistressOfTheDunes the Mummy Monk began the quest for the Orb.
     0 | D:1      | Reached XP level 1. HP: 18/18 MP: 1/1
   388 | D:1      | Reached XP level 2. HP: 10/24 MP: 2/2
   815 | D:1      | Reached skill level 4 in Unarmed Combat
   895 | D:1      | Reached XP level 3. HP: 14/29 MP: 3/3
  1866 | D:2      | Noticed Ijyb
  2419 | D:2      | Noticed Robin
  2425 | D:2      | HP: 2/29 [hobgoblin[Robin] (4)]
  2426 | D:2      | Slain by a hobgoblin

Vanquished Creatures
  A gnoll (D:1)
  An ooze (D:2)
  3 dart slugs (D:1)
  A ball python (D:2)
  A giant cockroach (D:1)
  6 goblins
  8 hobgoblins
  4 bats (D:1)
  A giant newt (D:1)
  5 kobolds (D:1)
  4 rats (D:1)
35 creatures vanquished.
